AoeStats
← ndyer98

Fortress

509771265Analyzed
2v2 RM · 3d ago on Sep 28, 2026· 161m 49s· 4 players
Game mode
Random Map
Map size
Normal (6 player)
Population
200
Speed
Normal
Resources
Standard
Victory
Conquest
Starting age
Dark Age
Ending age
Imperial Age
RankedLock teamsTeams togetherTeam positionsShared explorationLock speedFull tech treeHidden civsTurbo modeCheats
Victory
Defeat
🇺🇸 Wu · United States
438
+16
🇬🇷 Persians · Greece
370
+19
🇲🇽 Inca · Mexico
611
-24
🇹🇷 Khmer · Türkiye
273
-11
ndyer98
8:20 Feudal Age
9:48 Wheelbarrow
9:01 Double-Bit Axe
9:00 Horse Collar
21:03 Castle Age
20:14 Stone Mining
20:23 Gold Mining
25:39 Hand Cart
25:28 Heavy Plow
26:07 Caravan
28:25 Gold Shaft Mining
34:54 Stone Shaft Mining
37:01 Imperial Age
36:32 Padded Archer Armor
36:23 Fletching
38:44 Ballistics
39:25 Chemistry
38:18 Pikeman
38:58 Squires
38:44 Arson
38:22 Elite Fire Archer
40:26 Halberdier
41:30 Conscription
41:37 Leather Archer Armor
41:30 Bodkin Arrow
42:11 Red Cliffs Tactics
43:39 Bow Saw
45:04 Red Cliffs Tactics
45:09 Bracer
45:11 Scale Mail Armor
45:21 Forging
47:42 Bloodlines
47:33 Husbandry
47:03 Heavy Hei Guang Cavalry
51:50 Chain Mail Armor
52:11 Iron Casting
54:31 Scale Barding Armor
55:26 Blast Furnace
55:56 Chain Barding Armor
58:56 Plate Barding Armor
66:00 Plate Mail Armor
69:59 Elite Skirmisher
160:33 Spies/Treason
Dream
4:54 Loom
12:10 Feudal Age
12:37 Horse Collar
12:47 Double-Bit Axe
12:57 Gold Mining
14:07 Wheelbarrow
13:18 Town Watch
14:29 Man-at-Arms
14:55 Arson
21:49 Stone Mining
27:04 Castle Age
29:45 Heavy Plow
29:58 Bow Saw
30:08 Hand Cart
29:55 Town Patrol
32:28 Imperial Age
31:32 Caravan
32:06 Coinage
32:59 Husbandry
33:09 Bloodlines
32:23 Light Cavalry
32:25 Long Swordsman
32:25 Pikeman
33:06 Squires
32:51 Gambesons
33:14 Kamandaran
33:39 Scale Barding Armor
33:35 Scale Mail Armor
33:45 Forging
33:25 Fletching
33:36 Padded Archer Armor
34:34 Conscription
35:08 Chain Barding Armor
35:32 Gold Shaft Mining
36:00 Stone Shaft Mining
37:30 Hoardings
38:27 Cavalier
42:31 Crop Rotation
43:19 Two-Man Saw
42:59 Iron Casting
42:40 Chain Mail Armor
42:41 Leather Archer Armor
42:22 Bodkin Arrow
43:23 Halberdier
44:34 Citadels
43:54 Savar
45:41 Masonry
46:44 Chemistry
45:37 Guard Tower
49:20 Plate Barding Armor
49:16 Plate Mail Armor
52:44 Elite War Elephant
54:39 Blast Furnace
54:10 Plate Mail Armor
54:10 Ring Archer Armor
53:03 Heavy Camel Rider
54:11 Ballistics
55:43 Guilds
56:05 Banking
63:52 Architecture
73:29 Parthian Tactics
73:12 Thumb Ring
82:24 Heavy Cavalry Archer
92:24 Fervor
94:21 Hussar
94:25 Elite Skirmisher
94:25 Crossbowman
95:10 Murder Holes
100:50 Devotion
101:26 Theocracy
100:46 Herbal Medicine
101:07 Block Printing
152:39 Spies/Treason
152:50 Sappers
Tosko9760
0:34 Loom
7:20 Feudal Age
7:50 Double-Bit Axe
8:31 Horse Collar
8:42 Gold Mining
8:43 Stone Mining
14:09 Wheelbarrow
15:30 Town Watch
21:24 Castle Age
18:59 Champi Runner
19:24 Arson
23:47 Hand Cart
24:21 Bow Saw
23:39 Pikeman
24:19 Squires
23:40 Champi Warrior
27:54 Heavy Plow
28:30 Gold Shaft Mining
28:31 Stone Shaft Mining
32:13 Town Patrol
37:24 Imperial Age
35:10 Forging
35:01 Scale Mail Armor
34:52 Fletching
35:03 Padded Archer Armor
37:55 Iron Casting
37:15 Bodkin Arrow
37:36 Chain Mail Armor
37:30 Andean Sling
37:49 Thumb Ring
37:05 Crossbowman
37:06 Elite Skirmisher
39:31 Conscription
41:35 Crop Rotation
42:07 Blast Furnace
41:08 Bracer
41:27 Leather Archer Armor
42:06 Caravan
43:20 Elite Champi Warrior
43:21 Halberdier
45:27 Elite Kamayuk
46:19 Fabric Shields
52:52 Plate Mail Armor
52:52 Ring Archer Armor
51:47 Capped Ram
54:15 Siege Ram
56:51 Arbalester
aydinturkmen46
1:28 Loom
10:44 Feudal Age
11:12 Horse Collar
11:23 Double-Bit Axe
11:34 Gold Mining
12:22 Wheelbarrow
11:48 Stone Mining
18:58 Castle Age
19:51 Heavy Plow
20:30 Stone Shaft Mining
20:30 Gold Shaft Mining
20:10 Bow Saw
24:10 Fervor
25:15 Caravan
27:04 Hand Cart
30:35 Imperial Age
33:16 Padded Archer Armor
33:06 Fletching
33:27 Forging
33:17 Scale Mail Armor
33:23 Scale Barding Armor
33:47 Conscription
34:03 Hoardings
32:48 Elite Ballista Elephant
33:29 Tusk Swords
34:09 Crop Rotation
35:02 Leather Archer Armor
34:43 Bodkin Arrow
39:01 Double Crossbow
42:12 Chain Barding Armor
42:08 Chain Mail Armor
42:28 Iron Casting
41:54 Bracer
42:24 Ring Archer Armor
43:02 Chemistry
42:23 Ballistics
42:15 Fortified Wall
42:21 Masonry
42:37 Guard Tower
42:42 Murder Holes
43:34 Elite Skirmisher
43:38 Crossbowman
43:41 Cavalier
44:21 Husbandry
44:32 Bloodlines
43:42 Light Cavalry
43:48 Pikeman
44:13 Arson
43:51 Man-at-Arms
47:01 Hussar
48:16 Architecture
48:22 Keep
48:31 Plate Barding Armor
48:56 Blast Furnace
47:20 Heavy Cavalry Archer
47:38 Halberdier
54:37 Capped Ram
54:46 Onager
66:04 Elite Battle Elephant
66:31 Arbalester
120:12 Siege Ram
141:33 Long Swordsman
144:37 Two-Handed Swordsman
148:03 Parthian Tactics
Connection lost

Rejoining the realm…

Still unreachable

The connection could not be restored.

Session expired

The server has moved on; the page needs a fresh start.